 Dungeon Crawl Stone Soup version 0.17.2-1-ge4368a0 (webtiles) character file.

252 Amnesiac the Prestidigitator (level 5, -1/25 HPs)
             Began as a Spriggan Artificer on Feb 4, 2018.
             Slain by Alipheese's ghost (4 damage)
             ... on level 4 of the Dungeon.
             The game lasted 00:06:27 (3448 turns).

Amnesiac the Prestidigitator (Spriggan Artificer)   Turns: 3448, Time: 00:06:27

Health: -1/25      AC:  3    Str:  7    XL:     5   Next: 89%
Magic:  12/12      EV: 21    Int: 13    God:
Gold:   258        SH:  0    Dex: 18    Spells: 0 memorised, 4 levels left

rFire  . . .     SeeInvis +     a - +0 short sword
rCold  + . .     Clarity  .     v - +1 robe {rC+}
rNeg   + . .     SustAt   .     (shield restricted)
rPois  .         Gourm    .     (helmet restricted)
rElec  .         Spirit   .     (no cloak)
rCorr  .         Warding  .     (gloves unavailable)
rMut   .         Stasis   .     (boots unavailable)
MR     .....                    (no amulet)
Stlth  ++........               u - ring of positive energy
                                l - +3 ring of evasion

@: very quick, not resistant to hostile enchantments, unstealthy
A: unfitting armour, see invisible, herbivore 3, speed 3, slow metabolism 2
a: no special abilities


You were on level 4 of the Dungeon.
You were not hungry.

You visited 1 branch of the dungeon, and saw 4 of its levels.

You collected 258 gold pieces.

Inventory:

Hand Weapons
 a - a +0 short sword (weapon)
 b - a +0 blowgun
Missiles
 n - 8 curare-tipped needles
 s - 6 poisoned needles
Armour
 v - a +1 robe of cold resistance (worn)
Jewellery
 l - a +3 ring of evasion (left hand)
 u - a ring of positive energy (right hand)
Wands
 c - a wand of flame (9)
 d - a wand of enslavement (15)
 e - a wand of random effects (0)
Scrolls
 i - 3 scrolls of identify {!r, unknown}
 k - a scroll of immolation {!r, unknown}
 m - a scroll of teleportation {!r, unknown}
 p - a scroll of remove curse {!r, unknown}
 t - a scroll of fear {!r, unknown}
Potions
 g - a potion of resistance {!q, unknown}
 h - a potion of flight {!q, unknown}
 j - 3 potions of lignification {!q, unknown}
 o - 2 potions of agility {!q, unknown}
 r - a potion of heal wounds {!q, unknown}
 w - a potion of mutation {!q, unknown}
 x - a potion of haste {!q, unknown}
 A - a potion of curing {!q, unknown}
Comestibles
 f - 2 bread rations
 q - 6 fruits
 z - 2 slices of pizza


   Skills:
 - Level 0.7 Fighting
 - Level 1.1 Short Blades
 - Level 3.0 Dodging
 - Level 1.5 Stealth
 + Level 8.8 Evocations


You had 4 spell levels left.
You didn't know any spells.

Dungeon Overview and Level Annotations

Branches:
Dungeon (4/15)
 Temple: D:4-7

Altars:
Yredelemnul

Annotations:
D:4 Alipheese's ghost, novice NaIE


Innate Abilities, Weirdness & Mutations

You are tiny and cannot use many weapons and most armour.
You have supernaturally acute eyesight.
You are a herbivore.
You cover ground extremely quickly.
You need consume almost no food.


Message History

Press: ? - help, Shift-Dir - straight line, f/p - Alipheese's ghost
Aim: Alipheese's ghost, wielding a weapon of flaming (heavily damaged) Alipheese's ghost flickers and vanishes for a moment.
This wand has 5 charges left.
Evoke which item? (* to show all) (? for menu, Esc to quit)
Zapping:
e - a wand of random effects (5)
Press: ? - help, Shift-Dir - straight line, f/p - Alipheese's ghost
Aim: Alipheese's ghost, wielding a weapon of flaming (heavily damaged, slightly transparent)
The bolt of negative energy hits Alipheese's ghost.
Alipheese's ghost completely resists.
Alipheese's ghost is heavily damaged.
This wand has 4 charges left.
Evoke which item? (* to show all) (? for menu, Esc to quit)
Zapping:
e - a wand of random effects (4)
Press: ? - help, Shift-Dir - straight line, f/p - Alipheese's ghost
Aim: Alipheese's ghost, wielding a weapon of flaming (heavily damaged, slightly transparent) Alipheese's ghost easily resists.
This wand has 3 charges left.
Evoke which item? (* to show all) (? for menu, Esc to quit)
Zapping:
e - a wand of random effects (3)
Press: ? - help, Shift-Dir - straight line, f/p - Alipheese's ghost
Aim: Alipheese's ghost, wielding a weapon of flaming (heavily damaged, slightly transparent) Alipheese's ghost seems to speed up.
This wand has 2 charges left.
There is an open door here.
Evoke which item? (* to show all) (? for menu, Esc to quit)
Zapping:
e - a wand of random effects (2)
Press: ? - help, Shift-Dir - straight line, f/p - Alipheese's ghost
Aim: Alipheese's ghost, wielding a weapon of flaming (heavily damaged, fast, slightly transparent) Alipheese's ghost easily resists.
This wand has 1 charge left.
Evoke which item? (* to show all) (? for menu, Esc to quit)
Zapping:
e - a wand of random effects (1)
Press: ? - help, Shift-Dir - straight line, f/p - Alipheese's ghost
Aim: Alipheese's ghost, wielding a weapon of flaming (moderately damaged, fast, slightly transparent)
The bolt of negative energy misses Alipheese's ghost.
This wand has 0 charges left.
Evoke which item? (* to show all) (? for menu, Esc to quit)
This wand has no charges.
Firing (i - inventory): No suitable missiles.
Press: ? - help, Shift-Dir - straight line, f/p - Alipheese's ghost
Aim: Alipheese's ghost, wielding a weapon of flaming (moderately damaged, fast, slightly transparent)
Okay, then.
You hit Alipheese's ghost.
Alipheese's ghost is heavily damaged.
Alipheese's ghost casts a spell at you.
You are frozen.
You barely miss Alipheese's ghost.
Alipheese's ghost is heavily damaged.
Alipheese's ghost hits you. Alipheese's ghost burns you.
You hit Alipheese's ghost.
Alipheese's ghost is heavily damaged.
Alipheese's ghost misses you.
Alipheese's ghost gestures at you while chanting.
You are frozen.
You barely miss Alipheese's ghost.
Alipheese's ghost is heavily damaged.
Alipheese's ghost gestures at you while chanting.
You are frozen.
* * * LOW HITPOINT WARNING * * *
You completely miss Alipheese's ghost.
Alipheese's ghost is heavily damaged.
Alipheese's ghost gestures at you while chanting.
You are frozen.
* * * LOW HITPOINT WARNING * * *
Alipheese's ghost hits you.
You die...

...............#.....#.....#
.....†.........#.)...#.....# ...
...............#.....#.....# ...
...............#.....#.....# ...
........>......#.....#.....# ...
...............####+##.....###'##
#'#######+###+####...###.........
.......................#.........
................@W.....'.........
.......................#.........
..###...#######'##.....#.........
..##########....##.....########..
...#....................'.....#..
...#....................#.....#..
...#....................#.....# .
...#...........>........#.....# .
...##...##...##.##[##...##....#


You could see Alipheese's ghost (invisible).

Vanquished Creatures
  A hound (D:4)
  3 worker ants
  A gnoll (D:3)
  A hound skeleton (D:4)
  5 adders
  An ooze (D:2)
  5 worms
  7 giant geckos
  2 orcs (D:3)
  3 ball pythons
  4 bats
  5 giant cockroaches
  5 goblins
  2 hobgoblins
  7 kobolds
  A quokka (D:2)
  A giant gecko skeleton (D:4)
  3 giant newts
  7 rats
64 creatures vanquished.

Notes
Turn   | Place    | Note
--------------------------------------------------------------
     0 | D:1      | Amnesiac the Spriggan Artificer began the quest for the Orb.
     0 | D:1      | Reached XP level 1. HP: 9/9 MP: 4/4
   213 | D:1      | Reached XP level 2. HP: 10/14 MP: 6/6
   357 | D:1      | Reached skill level 5 in Evocations
  1077 | D:2      | Reached XP level 3. HP: 15/17 MP: 8/8
  1261 | D:2      | Reached skill level 6 in Evocations
  1625 | D:3      | Reached XP level 4. HP: 21/21 MP: 9/9
  1745 | D:3      | Noticed Jessica
  1758 | D:3      | Noticed Jessica
  1758 | D:3      | Jessica changed into Jessica the gnoll
  1766 | D:3      | Killed Jessica the gnoll
  1766 | D:3      | Reached skill level 7 in Evocations
  2096 | D:3      | Found a basalt altar of Yredelemnul.
  2793 | D:4      | Reached XP level 5. HP: 25/25 MP: 11/11
  2823 | D:4      | Reached skill level 8 in Evocations
  3417 | D:4      | Noticed Alipheese's ghost (novice NaIE)
  3448 | D:4      | Slain by Alipheese's ghost

Action                   |  1- 3 |  4- 6 || total
-------------------------+-------+-------++-------
Melee: Short sword       |   122 |   132 ||   254
 Fire: Blowgun           |     1 |    23 ||    24
Evoke: Wand              |     3 |    18 ||    21
 Stab: Sleeping          |     7 |     5 ||    12
